 Dungeon Crawl Stone Soup version 0.29.1-2-gbd0b4ee654 (webtiles) character file.

Game seed: 7628157070357414058

79 Engwar the Chopper (level 4, 0/35 HPs)
             Began as a Demonspawn Berserker on Nov 22, 2022.
             Was a Believer of Trog.
             Blown up by Ijyb (20 damage)
             ... with a mindburst bolt
             ... on level 3 of the Dungeon.
             The game lasted 00:03:54 (2904 turns).

Engwar the Chopper (Demonspawn Berserker)           Turns: 2904, Time: 00:03:55

Health: 0/35       AC: 11    Str: 19    XL:     4   Next: 16%
Magic:  4/4        EV: 10    Int:  9    God:    Trog [**....]
Gold:   103        SH:  8    Dex: 12    Spells: 3/3 levels left

rFire   . . .      SeeInvis .   a - +0 hand axe (vamp)
rCold   . . .      Faith    .   c - +1 kite shield
rNeg    . . .      Spirit   .   l - +0 leather armour
rPois   .          Reflect  .   m - +2 hat
rElec   .          Harm     .   (no cloak)
rCorr   .          Rampage  .   (no gloves)
Will    +....                   (no boots)
Stlth   +.........              p - amulet of the acrobat
HPRegen 0.11/turn               e - ring of willpower
MPRegen 0.18/turn               (no ring)

@: sanguine armoured
A: magic regeneration, sanguine armour 1
a: Renounce Religion, Berserk, Trog's Hand


You were on level 3 of the Dungeon.
You worshipped Trog.
Trog was pleased with you.
You visited 1 branch of the dungeon, and saw 3 of its levels.

You collected 103 gold pieces.

Inventory:

Hand Weapons
 a - a +0 vampiric hand axe (weapon)
Missiles
 k - 3 silver javelins (quivered)
Armour
 c - a +1 kite shield (worn)
 l - a +0 leather armour (worn)
 m - a +2 hat (worn)
Jewellery
 e - a ring of willpower (left hand)
 p - an amulet of the acrobat (around neck)
Scrolls
 b - a scroll of fear
Potions
 d - 2 potions of curing {unknown}
 g - a potion of degeneration {unknown}
 h - 2 potions of magic {unknown}
 i - a potion of attraction {unknown}
 j - a potion of might {unknown}


   Skills:
 + Level 3.4 Fighting
 + Level 3.7 Axes
 + Level 1.9 Armour
 - Level 1.7 Dodging
 + Level 0.4 Stealth
 * Level 1.3 Shields


You had 3 spell levels left.
You didn't know any spells.
Your spell library was empty.

Dungeon Overview and Level Annotations

Branches:
Dungeon (3/15)

Altars:

Annotations:
D:3 Ijyb


Innate Abilities, Weirdness & Mutations

You regenerate magic rapidly.
When seriously injured, your blood forms armour. (AC +6)


Message History

Trog accepts your kill.
You barely miss the goblin. The goblin misses you.
You barely miss the goblin. The goblin barely misses you.
You barely miss the goblin. The goblin hits you but does no damage.
You block the goblin's attack.
You closely miss the goblin. The goblin hits you with a +0 club.
You hit the goblin.
You kill the goblin!
Trog accepts your kill.
No target in view!
No target in view!
No target in view!
No target in view!
No target in view!
b - a scroll of fear A frilled lizard comes into view.
Found 13 gold pieces.
The frilled lizard hisses angrily.
You hit the frilled lizard but do no damage.
You block the frilled lizard's attack. The frilled lizard barely misses you.
You barely miss the frilled lizard. The frilled lizard barely misses you.
You hit the frilled lizard.
You kill the frilled lizard!
Trog accepts your kill.
Found a spear.
You see here a frilled lizard corpse.
Ijyb the Twisted Goblin comes into view.
She is wielding a +5 spectral club and carrying a wand of mindburst (11).
Ijyb shouts!
Ijyb zaps a wand.
You resist with some effort.
Ijyb zaps a wand.
Your mind is blasted!
You see here a +0 chain mail.
You hit Ijyb.
Ijyb is moderately wounded.
You block Ijyb's attack.
You hit Ijyb but do no damage.
Ijyb is moderately wounded.
Ijyb hits you with a +5 spectral club.
Your blood congeals into armour.
Ijyb zaps a wand.
Your mind is blasted!
Ouch! That really hurt!
You die...

#...####..........##
###..........####..# .
##.......)....####.#######.)
#..............# #.#........
#..............# #.#...$....
#..............# #..†.......
#..............# ###........
#...........[..#####........
##..........@g.........$...#
##................####..##.
##########.##..... .... #<.
..### .... ### ...# ##..
#..# #..


You could see Ijyb.

Vanquished Creatures
  2 adders (D:2)
  A worm (D:2)
  3 dart slugs
  4 endoplasms (D:1)
  3 giant cockroaches
  2 hobgoblins
  3 jackals (D:2)
  A quokka (D:2)
  13 ball pythons
  6 bats
  4 frilled lizards
  3 goblins
  2 kobolds
  8 rats
55 creatures vanquished.

Vanquished Creatures (others)
  4 plants (D:1)
4 creatures vanquished.

Grand Total: 59 creatures vanquished

Notes
Turn   | Place    | Note
-------+----------+-------------------------------------------
     0 | D:1      | Engwar the Demonspawn Berserker began the quest for the
                  | Orb.
     0 | D:1      | Reached XP level 1. HP: 18/18 MP: 1/1
   480 | D:1      | Gained mutation: You regenerate magic rapidly. [demonic
                  | ancestry]
   480 | D:1      | Reached XP level 2. HP: 19/24 MP: 2/2
  1027 | D:1      | Reached ** piety under Trog
  1028 | D:1      | Gained mutation: When seriously injured, your blood forms
                  | armour. (AC +6) [demonic ancestry]
  1028 | D:1      | Reached XP level 3. HP: 29/29 MP: 3/3
  1583 | D:2      | Reached skill level 1 in Shields
  2075 | D:2      | Found a faded altar of an unknown god.
  2167 | D:2      | Reached XP level 4. HP: 35/35 MP: 4/4
  2897 | D:3      | Noticed Ijyb
  2904 | D:3      | Blown up by Ijyb

Illustrated notes

Levels and vault maps discovered:
D:1:      dpeg_arrival_water_temple_mockup, layout_loops_ring, serial_bayou,
          serial_bayou_pond_a, serial_bayou_ford_a, serial_bayou_pond_d,
          serial_bayou_pond_a, moated_statue
D:2:      layout_basic, chequers_ecumenical_altar_twisty
D:3:      layout_rooms, uniq_ijyb

Skill      XL: |  1  2  3 |
---------------+----------+-----
Axes           | 3 |  3.7
Shields        | 1 |  1.3
Fighting       | |  3.4
Armour         | |  1.9
Dodging        | |  1.7
Stealth        | |  0.4

Action                   |  1- 3 |  4- 6 || total
-------------------------+-------+-------++-------
Melee: Hand axe          |   112 |    37 ||   149
  Use: Scroll            |       |     4 ||     4
 Stab: Sleeping          |     1 |       ||     1
Armor: Animal skin       |    21 |       ||    21
       Leather armour    |       |     6 ||     6
Dodge: Dodged            |    64 |    13 ||    77
Block: Kite shield       |    47 |    14 ||    61
